 Dungeon Sprint DCSS version 0.17-b1-36-g7b1967c (webtiles) character file.

10538 hexophile the Executioner (level 11, -18/120 HPs)
             Began as a Naga Berserker on Nov 6, 2015.
             Was the Champion of Trog.
             Demolished by a snapping turtle (19 damage)
             ... in the Dungeon (Sprint VII: "The Pits").
             The game lasted 00:07:09 (2035 turns).

hexophile the Executioner (Naga Berserker)          Turns: 2035, Time: 00:07:09

Health: -18/120    AC: 15    Str: 26    XL:     11   Next: 63%
Magic:  11/11      EV:  6    Int:  7    God:    Trog [******]
Gold:   0          SH:  0    Dex: 11    Spells: 0 memorised, 10 levels left

rFire  . . .     SeeInvis +     B - +3 war axe "Doxzoc" {vamp, rPois rC+ rN+ Stlth+}
rCold  + . .     Clarity  .     c - +3 chain mail {rN+} {rN+}
rNeg   + + .     SustAt   .     (no shield)
rPois  +         Gourm    .     y - +0 helmet
rElec  .         Spirit   .     (no cloak)
rCorr  .         Warding  .     (no gloves)
rMut   .         NoTele   +     (no barding)
MR     +++..                    (no amulet)
Stlth  +++.......               u - +3 ring of strength
                                t - +3 ring of protection

@: engulfed (cannot breathe), very slightly contaminated, regenerating, very
slow, extremely resistant to hostile enchantments, fairly stealthy
A: see invisible, deformed body, poison resistance, slowness 2, slow metabolism
1, spit poison 2, AC +3
a: Spit Poison, Berserk, Trog's Hand, Brothers in Arms, Burn Spellbooks,
Renounce Religion


You were in the Dungeon.
You worshipped Trog.
Trog was exalted by your worship.
You were not hungry.

You visited 1 branch


Innate Abilities, Weirdness & Mutations

You cannot wear boots.
Your serpentine skin is tough (AC +3).
You have supernaturally acute eyesight.
Armour fits poorly on your strangely shaped body.
Your system is resistant to poisons.
You cover ground very slowly.
You have a slow metabolism.
You can spit poison.

Inventory:

Hand Weapons
 b - a +3 battleaxe of draining
 i - the +8 war axe "Sackuw Weof" {holy, rF+++ Str-5 Int+5, unknown}
   (Trog gifted it to you in the Dungeon)

   It has been blessed by the Shining One to cause great damage to the undead
   and demons.
   It affects your strength (-5).
   It affects your intelligence (+5).
   It renders you almost immune to fire.
 q - a +6 antimagic battleaxe
 x - a +2 dire flail of protection
 z - a +1 broad axe of freezing
 A - a +3 antimagic executioner's axe
 B - the +3 war axe "Doxzoc" (weapon) {vamp, rPois rC+ rN+ Stlth+}
   (Trog gifted it to you in the Dungeon)

   It inflicts no extra harm, but heals its wielder somewhat when it strikes a
   living foe.
   It protects you from cold.
   It protects you from poison.
   It protects you from negative energy.
   It makes you more stealthy.
Armour
 c - a +3 chain mail of positive energy (worn) {rN+}
 y - a +0 helmet (worn)
Jewellery
 t - a +3 ring of protection (left hand)
 u - a +3 ring of strength (right hand)
Scrolls
 l - 3 scrolls of remove curse
 m - a scroll of summoning
 n - 2 scrolls of vulnerability
Potions
 d - 7 potions of curing
 e - 3 potions of heal wounds
 g - 4 potions of magic
 h - 3 potions of berserk rage
 k - 2 potions of invisibility
 o - 2 potions of might {Str+5 DMG+1d10}
 s - a potion of agility {Stlth+ Dex+5 EV+5}
 v - 2 potions of brilliance {Archmagi Int+5 Wiz++}
 w - a potion of cure mutation {!q}
Comestibles
 a - 35 fruits
 f - 3 chunks of flesh
 j - 6 meat rations
 r - 7 bread rations


You had 10 spell levels left.
You didn't know any spells.


   Skills:
 - Level 14.1 Fighting
 - Level 21.5 Axes
 - Level 1.5 Armour
 - Level 1.5 Dodging
 + Level 11.2 Stealth

Dungeon Overview and Level Annotations

Branches:
Dungeon (1/1)

Altars:
Ashenzari
Cheibriados
Dithmenos
Elyvilon
Fedhas
Kikubaaqudgha
Makhleb
Nemelex Xobeh
Okawaru
Ru
Sif Muna
Trog
Vehumet
Xom
Yredelemnul
Zin
The Shining One
Beogh
Jiyva
Lugonu

Annotations:
D 1 exclusion, Psyche, Sonja

Vault maps used:
D:        pitsprint
You       could see a boulder beetle, a snapping turtle, a water elemental, 5
          yaks, an orc warrior and an iron imp.


Message History

Unknown command.
You hit the orc knight.
You feel better.
You kill the orc knight!
Trog accepts your kill.
Your Stealth skill increases to level 11!
You slash the water elemental!
The water elemental is moderately damaged.
You hit the yak but do no damage.
The yak is moderately wounded.
Your lungs strain for air!
You feel sick. The yak gores you! The water elemental barely misses you.
You lost 14 HP.
You have now: 56/120 HP.
Unknown command.
You hit the water elemental.
The water elemental is heavily damaged.
You hit the yak but do no damage.
The yak is moderately wounded.
Your lungs strain for air!
The yak gores you.
* * * LOW HITPOINT WARNING * * *
The snapping turtle barely misses you. The water elemental hits you.
You lost 10 HP.
You have now: 46/120 HP.
Unknown command.
Your skin crawls.
You feel resistant to hostile enchantments.
You feel slightly more hungry.
You feel yourself speed up.
* * * LOW HITPOINT WARNING * * *
Your lungs strain for air!
Sonja mumbles some strange words.
Sonja blinks!
The yak gores you but does no damage.
The snapping turtle bites you from afar.
* * * LOW HITPOINT WARNING * * *
The water elemental hits you.
The snapping turtle bites you from afar!
* * * LOW HITPOINT WARNING * * *
The yak gores you!
* * * LOW HITPOINT WARNING * * *
The boulder beetle bites you!
* * * LOW HITPOINT WARNING * * *
!MASSIVE DAMAGE!
YOU LOST 45 HP!
You have now: 1/120 HP.
Drink which item? (? for menu, Esc to quit)
You feel better.
* * * LOW HITPOINT WARNING * * *
Your lungs strain for air!
The water elemental hits you.
* * * LOW HITPOINT WARNING * * *
The snapping turtle bites you from afar!!
You die...

Action                   |  1- 3 |  4- 6 |  7- 9 | 10-12 || total
-------------------------+-------+-------+-------+-------++-------
Melee: Hand axe          |    28 |    32 |    69 |       ||   129
       Battleaxe         |       |       |    28 |    47 ||    75
       War axe           |       |       |       |    90 ||    90
Invok: Berserk           |     3 |     1 |     4 |     4 ||    12
       Trog's Hand       |     1 |     2 |     4 |     7 ||    14
  Use: Potion            |       |     2 |       |     5 ||     7
       Scroll            |       |       |       |     1 ||     1
  Eat: Fruit             |       |     2 |       |     3 ||     5
       Chunk             |       |     1 |     7 |     2 ||    10
       Meat ration       |       |       |       |     1 ||     1
       Bread ration      |       |       |       |     1 ||     1

Notes
Turn   | Place    | Note
--------------------------------------------------------------
     0 | D        | hexophile the Naga Berserker began the quest for the Orb.
     0 | D        | Reached XP level 1. HP: 21/21 MP: 1/1
    13 | D        | Reached skill level 4 in Axes
    63 | D        | Found a sacrificial altar of Ru.
    63 | D        | Found a basalt altar of Yredelemnul.
    63 | D        | Found a shadowy altar of Dithmenos.
    63 | D        | Found a deep blue altar of Sif Muna.
    63 | D        | Found a burning altar of Makhleb.
    63 | D        | Found a shimmering altar of Xom.
    63 | D        | Found an ancient bone altar of Kikubaaqudgha.
    63 | D        | Found a sparkling altar of Nemelex Xobeh.
    65 | D        | Found a glowing golden altar of the Shining One.
    65 | D        | Found a glowing silver altar of Zin.
    76 | D        | Found a bloodstained altar of Trog.
    76 | D        | Found a corrupted altar of Lugonu.
    76 | D        | Found a viscous altar of Jiyva.
   170 | D        | Noticed a worker ant
   173 | D        | Killed a worker ant
   173 | D        | Reached skill level 6 in Axes
   173 | D        | Reached XP level 2. HP: 20/28 MP: 2/2
   173 | D        | Reached XP level 3. HP: 24/34 MP: 3/3
   177 | D        | Reached ** piety under Trog
   345 | D        | Reached skill level 7 in Axes
   660 | D        | Noticed a necrophage
   664 | D        | Reached *** piety under Trog
   668 | D        | Killed a necrophage
   668 | D        | Reached skill level 10 in Axes
   668 | D        | Reached XP level 4. HP: 38/40 MP: 4/4
   668 | D        | Reached XP level 5. HP: 44/47 MP: 5/5
   775 | D        | Noticed a wight
   776 | D        | Noticed an ogre
   776 | D        | Noticed a wight
   777 | D        | Noticed Jessica
   780 | D        | Noticed an ogre
   785 | D        | Killed an ogre
   785 | D        | Reached skill level 12 in Axes
   785 | D        | Reached XP level 6. HP: 54/54 MP: 6/6
   788 | D        | Killed a wight
   790 | D        | Killed a wight
   791 | D        | Reached skill level 13 in Axes
   792 | D        | Noticed a wight
   794 | D        | Killed an ogre
   794 | D        | Reached **** piety under Trog
   796 | D        | Killed Jessica
   796 | D        | Reached skill level 14 in Axes
   801 | D        | Noticed a wight
   816 | D        | Killed a wight
   816 | D        | Reached XP level 7. HP: 36/62 MP: 7/7
   827 | D        | Killed a wight
   863 | D        | Noticed a deep elf fighter
   873 | D        | Killed a deep elf fighter
   873 | D        | Reached ***** piety under Trog
   873 | D        | Reached skill level 15 in Axes
   911 | D        | Noticed a black bear
   918 | D        | Killed a black bear
   976 | D        | Noticed a mottled dragon
   987 | D        | Killed a mottled dragon
   987 | D        | Reached skill level 16 in Axes
   987 | D        | Reached XP level 8. HP: 55/69 MP: 8/8
  1010 | D        | Noticed a jelly
  1010 | D        | Noticed Menkaure
  1010 | D        | Noticed a water moccasin
  1010 | D        | Noticed a giant frog
  1020 | D        | Killed a giant frog
  1028 | D        | Killed a water moccasin
  1032 | D        | Killed a jelly
  1038 | D        | Killed Menkaure
  1038 | D        | Received a gift from Trog
  1038 | D        | Reached skill level 17 in Axes
  1041 | D        | Got an ivory dagger {god gift}
  1074 | D        | Identified the +1 dagger of Free Will {venom, rN+ Str+7} (Trog gifted it to you in the Dungeon)
  1087 | D        | Noticed a gnoll shaman
  1087 | D        | Noticed a deep troll
  1087 | D        | Noticed a porcupine
  1093 | D        | Killed a gnoll shaman
  1101 | D        | Received a gift from Trog
  1102 | D        | Killed a deep troll
  1102 | D        | Reached skill level 18 in Axes
  1102 | D        | Reached XP level 9. HP: 40/75 MP: 9/9
  1103 | D        | Killed a porcupine
  1229 | D        | Found a shattered altar of Ashenzari.
  1229 | D        | Found a white marble altar of Elyvilon.
  1229 | D        | Found a snail-covered altar of Cheibriados.
  1229 | D        | Found a blossoming altar of Fedhas.
  1229 | D        | Found a radiant altar of Vehumet.
  1229 | D        | Found a roughly hewn altar of Beogh.
  1229 | D        | Found an iron altar of Okawaru.
  1252 | D        | Noticed a hellwing
  1256 | D        | Noticed Urug
  1269 | D        | Killed a hellwing
  1269 | D        | Reached skill level 19 in Axes
  1272 | D        | Killed Urug
  1272 | D        | Reached ****** piety under Trog
  1272 | D        | Received a gift from Trog
  1384 | D        | Noticed a flying skull
  1384 | D        | Noticed a phantom
  1384 | D        | Noticed a kobold demonologist
  1387 | D        | Killed a flying skull
  1387 | D        | Reached skill level 4 in Fighting
  1387 | D        | Reached skill level 20 in Axes
  1393 | D        | Killed a kobold demonologist
  1393 | D        | Reached skill level 5 in Fighting
  1393 | D        | Killed a phantom
  1404 | D        | Noticed a soldier ant
  1404 | D        | Noticed an eye of draining
  1410 | D        | Killed a soldier ant
  1410 | D        | Reached skill level 6 in Fighting
  1410 | D        | Reached XP level 10. HP: 78/91 MP: 3/10
  1415 | D        | Killed an eye of draining
  1418 | D        | Noticed a snapping turtle
  1419 | D        | Noticed a death yak
  1424 | D        | Killed a death yak
  1424 | D        | Reached skill level 8 in Fighting
  1427 | D        | Killed a snapping turtle
  1523 | D        | Noticed a crimson imp
  1536 | D        | Killed a crimson imp
  1548 | D        | Noticed a deep elf fighter
  1548 | D        | Noticed a deep elf mage
  1548 | D        | Noticed a deep elf priest
  1548 | D        | Noticed a deep elf mage
  1548 | D        | Noticed a deep elf mage
  1548 | D        | Noticed a redback
  1554 | D        | Killed a deep elf mage
  1554 | D        | Received a gift from Trog
  1554 | D        | Reached skill level 9 in Fighting
  1555 | D        | Killed a redback
  1558 | D        | Killed a deep elf mage
  1558 | D        | Killed a deep elf fighter
  1560 | D        | Killed a deep elf mage
  1560 | D        | Received a gift from Trog
  1560 | D        | Reached skill level 10 in Fighting
  1564 | D        | Killed a deep elf priest
  1669 | D        | Noticed a cyclops
  1669 | D        | Noticed a deep elf fighter
  1669 | D        | Noticed a deep elf conjurer
  1669 | D        | Noticed a deep elf mage
  1670 | D        | Noticed a deep elf mage
  1670 | D        | Noticed a deep elf mage
  1674 | D        | Killed a deep elf conjurer
  1679 | D        | Killed a deep elf fighter
  1679 | D        | Reached skill level 11 in Fighting
  1683 | D        | Killed a cyclops
  1683 | D        | Received a gift from Trog
  1685 | D        | Killed a deep elf mage
  1687 | D        | Killed a deep elf mage
  1687 | D        | Reached skill level 21 in Axes
  1688 | D        | Killed a deep elf mage
  1688 | D        | Received a gift from Trog
  1688 | D        | Reached skill level 12 in Fighting
  1688 | D        | Reached XP level 11. HP: 70/114 MP: 3/11
  1691 | D        | Got a warped war axe {god gift}
  1874 | D        | Identified the +3 war axe "Doxzoc" {vamp, rPois rC+ rN+ Stlth+} (Trog gifted it to you in the Dungeon)
  1875 | D        | Noticed a deep elf fighter
  1875 | D        | Noticed a deep elf fighter
  1875 | D        | Noticed a deep elf mage
  1875 | D        | Noticed a deep elf priest
  1875 | D        | Noticed a wasp
  1876 | D        | Noticed a deep elf priest
  1876 | D        | Noticed a sea snake
  1885 | D        | Killed a sea snake
  1889 | D        | Killed a wasp
  1893 | D        | Killed a deep elf fighter
  1894 | D        | Killed a deep elf priest
  1894 | D        | Received a gift from Trog
  1894 | D        | Reached skill level 13 in Fighting
  1899 | D        | Killed a deep elf priest
  1907 | D        | Killed a deep elf mage
  1913 | D        | Killed a deep elf fighter
  1925 | D        | Noticed a merfolk aquamancer
  1925 | D        | Noticed a merfolk
  1925 | D        | Noticed a water elemental
  1925 | D        | Noticed a water elemental
  1925 | D        | Noticed a steam dragon
  1925 | D        | Noticed a slime creature
  1930 | D        | Killed a water elemental
  1940 | D        | Noticed a slime creature
  1942 | D        | Killed a merfolk aquamancer
  1942 | D        | Received a gift from Trog
  1943 | D        | Noticed a slime creature
  1943 | D        | Noticed a slime creature
  1947 | D        | HP: 3/177 [merfolk/trident (11)]
  1948 | D        | Killed a water elemental
  1948 | D        | Reached skill level 14 in Fighting
  1967 | D        | Killed a slime creature
  1967 | D        | Reached skill level 3 in Stealth
  1970 | D        | Killed a slime creature
  1970 | D        | Reached skill level 5 in Stealth
  1973 | D        | Killed a merfolk
  1973 | D        | Reached skill level 6 in Stealth
  1983 | D        | Killed a large slime creature
  1983 | D        | Reached skill level 8 in Stealth
  1987 | D        | Killed a steam dragon
  1987 | D        | Reached skill level 9 in Stealth
  2018 | D        | Noticed a yak
  2018 | D        | Noticed a small abomination
  2018 | D        | Noticed an iron imp
  2018 | D        | Noticed Sonja
  2018 | D        | Noticed a warg
  2019 | D        | Noticed a water elemental
  2019 | D        | Noticed an orc warrior
  2020 | D        | Noticed a yak
  2020 | D        | Noticed a yak
  2020 | D        | Noticed an orc knight
  2021 | D        | Noticed a yak
  2022 | D        | Noticed a snapping turtle
  2022 | D        | Noticed a yak
  2022 | D        | Noticed a boulder beetle
  2023 | D        | Noticed a yak
  2024 | D        | Noticed Psyche
  2024 | D        | Killed a yak
  2024 | D        | Received a gift from Trog
  2024 | D        | Reached skill level 10 in Stealth
  2026 | D        | Got a brightly glowing war axe {god gift}
  2028 | D        | Killed a small abomination
  2028 | D        | Killed a warg
  2032 | D        | Killed an orc knight
  2032 | D        | Reached skill level 11 in Stealth
  2034 | D        | HP: 1/120 [boulder beetle (12)]
  2035 | D        | Demolished by a snapping turtle

Table legend:
 A = Turns spent in this place as a percentage of turns spent in the entire game.
 B = Non-inter-level travel turns spent in this place as a percentage of non-inter-level travel turns spent in the entire game.
 C = Inter-level travel turns spent in this place as a percentage of turns spent in this place.
 D = Turns resting spent in this place as a percentage of non-inter-level travel turns spent in this place.
 E = Turns spent auto-exploring this place as a percentage of non-inter-level travel turns spent in this place.
 F = Non-inter-level travel turns spent in this place divided by the number of levels of this place that you've seen.
                   A       B       C       D       E      F
               +-------+-------+-------+-------+-------+----------------------
         Total | 100.0 | 100.0 |   0.1 |  12.0 |   0.2 | 841.0
       Dungeon | 100.0 | 100.0 |   0.1 |  12.0 |   0.2 | 841.0
               +-------+-------+-------+-------+-------+----------------------

Table legend:
 A = Kills in this place as a percentage of kills in entire the game.
 B = Kills by you in this place as a percentage of kills by you in the entire game.
 C = Kills by friends in this place as a percentage of kills by friends in the entire game.
 D = Other kills in this place as a percentage of other kills in the entire game.
 E = Experience gained in this place as a percentage of experience gained in the entire game.
 F = Experience gained in this place divided by the number of levels of this place that you have seen.
                   A       B       C       D       E      F
               +-------+-------+-------+-------+-------+----------------------
         Total | 100.0 | 100.0 |  -nan | 100.0 | 100.0 | 15055.0
       Dungeon | 100.0 | 100.0 |  -nan | 100.0 | 100.0 | 15055.0
               +-------+-------+-------+-------+-------+----------------------

Vanquished Creatures
  A merfolk aquamancer (D)
  A death yak (D)
  Urug (D)
  A deep troll (D)
  A sea snake (D)
  A deep elf conjurer (D)
  An orc knight (D)
  A cyclops (D)
  A kobold demonologist (D)
  3 deep elf priests (D)
  A hellwing (D)
  A merfolk (D)
  3 slime creatures (D)
  A snapping turtle (D)
  A flying skull (D)
  A redback (D)
  A yak (D)
  2 water elementals (D)
  5 deep elf fighters (D)
  7 deep elf magi (D)
  A steam dragon (D)
  A small abomination (D)
  Menkaure (D)
  A soldier ant (D)
  A water moccasin (D)
  A mottled dragon (D)
  A porcupine (D)
  A black bear (D)
  2 ogres (D)
  A wasp (D)
  A phantom (D)
  An eye of draining (D)
  A necrophage (D)
  A giant frog (D)
  4 wights (D)
  A crimson imp (D)
  A gnoll shaman (D)
  A jelly (D)
  Jessica (D)
  A worker ant (D)
  2 adders (D)
  A river rat (D)
  7 gnolls (D)
  2 ufetubi (D)
  A bat zombie (D)
  A giant cockroach (D)
  A quokka (D)
  A ball python (D)
  A bat (D)
  A giant cockroach zombie (D)
77 creatures vanquished.

Vanquished Creatures (others)
  A warg (D)
1 creature vanquished.

Grand Total: 78 creatures vanquished
